 Dungeon Crawl Stone Soup version 0.29-a0-334-gb41bcbb86e (webtiles) character file.

Game seed: 16841668808800761942

1232 spaghetti the Gusty (level 8, -9/69 HPs)
             Began as an Octopode Air Elementalist on Apr 13, 2022.
             Mangled by a gargoyle
             ... wielding a +0 mace
              (15 damage)
             ... on level 5 of the Dungeon.
             The game lasted 00:09:06 (5331 turns).

spaghetti the Gusty (Octopode Air Elementalist)     Turns: 5331, Time: 00:09:07

Health: -9/69      AC: 24    Str:  7    XL:     8   Next: 48%
Magic:  10/23      EV:  2    Int: 20    God:
Gold:   182        SH: 10    Dex: 12    Spells: 5/15 levels left

rFire   . . .      SeeInvis .   h - +5 short sword (speed) {short}
rCold   . . .      Faith    .   o - +2 buckler
rNeg    . . .      Spirit   .   (helmet currently unavailable)
rPois   +          Reflect  +   j - amulet of reflection
rElec   .          Harm     .   i - ring of magical power
rCorr   .          Rampage  .   (no ring)
Will    .....      NoTele   +   (no ring)
Stlth   ++........              (no ring)
HPRegen 0.21/turn               (no ring)
MPRegen 0.18/turn               (no ring)
                                (no ring)
                                (no ring)

@: brilliant, tree-form
A: stationary, stasis, torment immunity, boosted hp, almost no armour,
(amphibious), 8 rings, (camouflage 1), (gelatinous body 1), (nimble swimmer 1),
(tentacles), mutation resistance 1
a: no special abilities


You were on level 5 of the Dungeon.
You were a tree.
You visited 1 branch of the dungeon, and saw 5 of its levels.

You collected 182 gold pieces.


Innate Abilities, Weirdness & Mutations

You are a tree.
Your roots penetrate the ground, keeping you stationary.
You cannot be teleported.
You are immune to unholy pain and torment.
Your maximum health is greatly increased.
You cannot wear most types of armour.
((You are amphibious.))
You can wear up to eight rings at the same time.
((Your skin changes colour to match your surroundings (Stealth+).))
((Your rubbery body absorbs attacks. (AC +1, EV +1)))
((You are camouflaged when in or above water. (Stealth+)))
((You have tentacles for arms and can constrict up to eight enemies at once.))
You are somewhat resistant to further mutation.


   Skills:
 + Level 6.2 Dodging
 - Level 2.6 Stealth
 - Level 4.0 Spellcasting
 - Level 3.0 Conjurations
 - Level 7.0 Air Magic


You had 5 spell levels left.
You knew the following spells:

 Your Spells              Type           Power      Damage    Failure   Level
a - Shock                 Conj/Air       100%       1d9       2%          1
b - Static Discharge      Conj/Air       36%        N/A       3%          2
c - Swiftness             Air            48%        N/A       3%          3
d - Airstrike             Air            24%        N/A       10%         4

Your spell library contained the following spells:

 Spells                   Type           Power      Damage    Failure   Level
 Freeze                   Ice            24%        1d5       17%         1
 Frozen Ramparts          Ice            12%        1d3       45%         3
 Hailstorm                Conj/Ice       15%        3d5       67%         4
 Chain Lightning          Conj/Air       18%        3d24      100%        9
 Fire Storm               Conj/Fire      7%         8d2       100%        9
 Shatter                  Erth           3%         3d7*      100%        9

Inventory:

Hand Weapons
 b - a +0 short sword {short}
   (You took it off a kobold on level 1 of the Dungeon)
 e - a +4 dagger of holy wrath {short}
   (You took it off a goblin on level 1 of the Dungeon)
 h - a +5 short sword of speed (weapon) {short}
   (You took it off an orc on level 3 of the Dungeon)
 y - the +4 trident of the Imbibing Augurer {freeze, rC+++ rN+ Str-3, polearm}
   (You found it on level 5 of the Dungeon)

   It freezes those it strikes, dealing additional cold damage.
   It can also slow down cold-blooded creatures.
   Str:       It affects your strength (-3).
   rC:        It renders you almost immune to cold.
   rN:        It protects you from negative energy.
Missiles
 k - 159 stones {throwing}
 n - 4 poisoned darts {throwing}
Armour
 o - a +2 buckler (worn)
   (You found it on level 4 of the Dungeon)
 r - a +1 hat (melded)
   (You found it on level 2 of the Dungeon)
Jewellery
 g - a ring of ice
   (You found it on level 1 of the Dungeon)
 i - a ring of magical power (left branch)
   (You found it on level 1 of the Dungeon)
 j - an amulet of reflection (around neck)
   (You found it on level 1 of the Dungeon)
Wands
 s - a wand of digging (1)
   (You took it off Ijyb on level 3 of the Dungeon)
 A - a wand of iceblast (11)
   (You found it on level 5 of the Dungeon)
Scrolls
 f - a scroll of immolation {!r!r}
 m - 2 scrolls of teleportation {@r4}
 q - 3 scrolls of enchant armour
 u - 2 scrolls of noise {!r}
 w - 2 scrolls of fog {unknown}
 x - 3 scrolls of holy word
Potions
 a - 2 potions of magic
 d - a potion of attraction {!q}
 l - a potion of flight
 p - a potion of mutation {!q}

Dungeon Overview and Level Annotations

Branches:
Dungeon (5/15)
 Temple: D:4-7

Altars:
Qazlal

Shops:
D:4 : D:5

: #.........# #...
#.........# #...
..........#
##########...
...<......#
#######.)..........
..........#
#.....'.#..#.#.#...
#.........#
#.#.#†#......#.#...
#.......###
#.....#......#.#.##
#.##.#..#
#.#.#.#.#..#.#.#.#.
#.##.#..#####
#.♣...#......#.#.##
..#...†......
##9###########.#..
#...#........ #..
.#Os ..#.###
..#.......... #.##


lhJ# # .###......... #.##. ..# ..#.......... #.OJl# ### #...#...##### ######
..#.....#... .###......# You could see a gargoyle, an ogre (fleeing), an iguana
and a jelly.


Message History

You puncture the hound! You constrict the hound.
The hound struggles to escape constriction.
Unknown command.
Casting: Shock (safe; 2% risk of failure)
Confirm with . or Enter, or press ? or * to list all spells.
The hound is struck by an arc of lightning.
The lightning grounds out.
You constrict the hound.
You kill the hound!
The hound barely misses you. 😎 MP[-2]
You lost 2 mp, and now have 20/23 mp.
Casting: Static Discharge (safe; 3% risk of failure)
Confirm with . or Enter, or press ? or * to list all spells.
The hound is struck by an arc of lightning.
The ogre is struck by an arc of lightning.
The lightning grounds out.
You block the hound's attack. 😎 MP[-2]
You lost 2 mp, and now have 18/23 mp.
Casting: Static Discharge (safe; 3% risk of failure)
Confirm with . or Enter, or press ? or * to list all spells.
The hound is struck by an arc of lightning.
You are struck by an arc of lightning.
The hound is struck by an arc of lightning.
The lightning grounds out.
The hound barely misses you. The hound bites you. 😕 HP[-2] MP[-1]
You take 2 damage, and now have 44/46 hp.
You lost 1 mp, and now have 17/23 mp.
Casting: Static Discharge (safe; 3% risk of failure)
Confirm with . or Enter, or press ? or * to list all spells.
The hound is struck by an arc of lightning!
You kill the hound!
The scorpion is struck by an arc of lightning.
The lightning grounds out.
You block the scorpion's attack. 😕 MP[-2]
You lost 2 mp, and now have 15/23 mp.
Casting: Static Discharge (safe; 3% risk of failure)
Confirm with . or Enter, or press ? or * to list all spells.
The scorpion is struck by an arc of lightning.
The lightning grounds out.
The scorpion misses you. 😕 MP[-2]
You lost 2 mp, and now have 13/23 mp.
Casting: Static Discharge (safe; 3% risk of failure)
Confirm with . or Enter, or press ? or * to list all spells.
The scorpion is struck by an arc of lightning.
The ogre is struck by an arc of lightning.
The scorpion is struck by an arc of lightning.
You kill the scorpion!
The lightning grounds out.
Your Dodging skill increases to level 6! 😕 MP[-2]
You lost 2 mp, and now have 11/23 mp.
Casting: Static Discharge (safe; 3% risk of failure)
Confirm with . or Enter, or press ? or * to list all spells.
Some blue arcs ground themselves harmlessly.
The gargoyle hits you with a +0 mace!! 😮 HP[-19] MP[-2]
You take 19 damage, and now have 25/46 hp.
MASSIVE DAMAGE!! (PAUSE)
You lost 2 mp, and now have 9/23 mp.
As you read the scroll of fear, it crumbles to dust.
You assume a fearsome visage.
The ogre looks frightened!
The gargoyle is unaffected.
The iguana looks frightened!
The ogre looks frightened!
The jelly looks frightened!
The gargoyle misses you.
Unknown command.
Unknown command.
It was a potion of flight.
You feel very buoyant.
You fly up into the air.
The jelly jiggles.
The gargoyle barely misses you. 😮 HP[+1] MP[+1] It was a potion of mutation.
You feel extremely strange.
You feel genetically stable. The gargoyle closely misses you.
The ogre gives up.
It was a potion of curing.
You feel better.
The gargoyle hurls a stone arrow at you.
The stone arrow hits you!
* * * LOW HITPOINT WARNING * * *
😨 HP[-7]
You take 7 damage, and now have 19/46 hp.
It was a potion of lignification.
You turn into a tree.
Your +1 hat melds into your body.
Your roots penetrate the ground.
The gargoyle hurls a stone arrow at you.
The stone arrow hits you!!
* * * LOW HITPOINT WARNING * * *
😱 HP[-13]
You now have 69 max hp (+23).
Okay, then.
Okay, then.
Okay, then.
Okay, then.
Okay, then.
Okay, then.
It was a potion of brilliance.
You feel clever all of a sudden.
Cornered, the iguana turns to fight!
Cornered, the jelly turns to fight!
The gargoyle hits you with a +0 mace!
You die...

Skill      XL: |  1  2  3  4  5  6  7  8 |
---------------+-------------------------+-----
Spellcasting   | 3 4 |  4.0
Conjurations   | 2 3 |  3.0
Air Magic      | 4 5 7 |  7.0
Dodging        | 4 6 |  6.2
Stealth        | |  2.6

Action                   |  1- 3 |  4- 6 |  7- 9 || total
-------------------------+-------+-------+-------++-------
Melee: Unarmed           |    15 |       |       ||    15
       Tentacles         |     7 |     3 |     5 ||    15
       Constrict         |     7 |     2 |     6 ||    15
       Short sword       |     6 |    17 |    33 ||    56
       Dagger            |     6 |     4 |       ||    10
       Punch             |     1 |       |       ||     1
 Cast: Shock             |    53 |   121 |    46 ||   220
       Static Discharge  |       |     2 |    16 ||    18
  Use: Potion            |       |     3 |     6 ||     9
       Scroll            |       |     5 |     3 ||     8
 Stab: Sleeping          |     1 |       |       ||     1
Armor: Skin              |     4 |     2 |     3 ||     9
Dodge: Dodged            |    17 |     5 |    24 ||    46
Block: Other             |       |     3 |       ||     3
       Buckler           |       |     2 |    13 ||    15
       Reflection        |       |       |     2 ||     2

Levels and vault maps discovered:
D:1:      lightli_arrival_chessboard, layout_rooms
D:2:      layout_basic
D:3:      layout_basic, dilly_ecumenical_altar_fadedgnrine, serial_undead,
          serial_undead_f, serial_undead_d, serial_undead_d, serial_undead_c,
          uniq_ijyb
D:4:      layout_gridville, serial_shops, shop_statue
D:5:      minmay_clustersquares, layout_basic, grunt_qazlal_sundering,
          minmay_temple_entry_drinking_statues, minmay_misc_feat_four_crosses,
          nicolae_shop_self_help

Notes
Turn   | Place    | Note
-------+----------+-------------------------------------------
     0 | D:1      | spaghetti the Octopode Air Elementalist began the quest for
                  | the Orb.
     0 | D:1      | Reached XP level 1. HP: 11/11 MP: 3/3
     0 | D:1      | magus.rc [v1.9.6]
   122 | D:1      | Reached XP level 2. HP: 17/17 MP: 5/5
   221 | D:1      | Reached skill level 3 in Spellcasting
   525 | D:1      | Reached XP level 3. HP: 21/21 MP: 1/7
  1034 | D:2      | Learned a level 2 spell: Static Discharge
  1038 | D:2      | Learned a level 3 spell: Swiftness
  1170 | D:2      | Reached XP level 4. HP: 27/27 MP: 9/9
  2065 | D:3      | Noticed Ijyb
  2076 | D:3      | Killed Ijyb
  2228 | D:3      | HP: 5/27 [something (2)]
  2234 | D:3      | Reached skill level 2 in Conjurations
  2234 | D:3      | Reached XP level 5. HP: 29/31 MP: 7/10
  2358 | D:3      | Reached skill level 4 in Spellcasting
  2572 | D:3      | You pick up a book of Annihilations and begin reading...
  2572 | D:3      | You add the spells Chain Lightning, Fire Storm and Shatter
                  | to your library.
  3064 | D:3      | Noticed a phantom
  3076 | D:3      | Killed a phantom
  3077 | D:3      | Reached skill level 3 in Conjurations
  3077 | D:3      | Reached skill level 4 in Air Magic
  3077 | D:3      | Reached XP level 6. HP: 32/36 MP: 12/12
  3183 | D:3      | Found a faded altar of an unknown god.
  3381 | D:4      | Found Biutiko's Book Emporium.
  3399 | D:4      | You pick up a book of Frost and begin reading...
  3399 | D:4      | You add the spells Freeze, Frozen Ramparts and Hailstorm to
                  | your library.
  3485 | D:4      | Noticed a black bear
  3492 | D:4      | Killed a black bear
  3493 | D:4      | Reached skill level 5 in Air Magic
  3658 | D:4      | Reached XP level 7. HP: 41/41 MP: 13/13
  3826 | D:4      | Reached skill level 6 in Air Magic
  3911 | D:5      | Entered Level 5 of the Dungeon
  4417 | D:5      | Reached skill level 7 in Air Magic
  4422 | D:5      | Learned a level 4 spell: Airstrike
  4458 | D:5      | Found Miurhann's Self-Improvement Boutique.
  4477 | D:5      | Identified the +4 trident of the Imbibing Augurer {freeze,
                  | rC+++ rN+ Str-3}
  4540 | D:5      | Found a stormy altar of Qazlal.
  4553 | D:5      | Reached skill level 3 in Dodging
  4587 | D:5      | HP: 10/41 [ice beast (10)]
  4997 | D:5      | Reached skill level 4 in Dodging
  4997 | D:5      | Reached XP level 8. HP: 30/46 MP: 14/14
  5258 | D:5      | Noticed a gargoyle
  5308 | D:5      | Reached skill level 5 in Dodging
  5325 | D:5      | Reached skill level 6 in Dodging
  5328 | D:5      | Gained mutation: You are somewhat resistant to further
                  | mutation. [potion of mutation]
  5330 | D:5      | HP: 6/69 [gargoyle/stone arrow (23)]
  5331 | D:5      | Mangled by a gargoyle

Vanquished Creatures
  3 black bears
  An ice beast (D:5)
  An ogre (D:5)
  A centaur (D:5)
  A phantom (D:3)
  A necrophage (D:4)
  4 scorpions
  3 hounds (D:5)
  An orc priest (D:5)
  Ijyb (D:3)
  An iguana (D:5)
  An orc wizard (D:3)
  3 adders
  A worm (D:2)
  An adder skeleton (D:3)
  2 dart slugs
  10 orcs
  4 ball pythons
  8 endoplasms
  5 giant cockroaches
  10 goblins
  5 hobgoblins
  12 jackals
  5 kobolds
  3 quokkas
  9 bats
  5 frilled lizards
  2 rats
104 creatures vanquished.

Table legend:
 A = Non-vault XP
 B = Vault XP
 C = Vault XP percentage of total XP
 D = Non-vault monster count
 E = Vault monster count
 F = Vault count percentage of total count
                 A         B        C        D         E       F
            +---------+---------+-------+---------+---------+-------
      Total |    1202 |     558 |  31.7 |      93 |      11 |  10.6
            +---------+---------+-------+---------+---------+-------
        D:1 |      54 |       0 |   0.0 |      31 |       0 |   0.0
        D:2 |      51 |       0 |   0.0 |      14 |       0 |   0.0
        D:3 |     189 |      43 |  18.5 |      25 |       2 |   7.4
        D:4 |     315 |       0 |   0.0 |      11 |       0 |   0.0
        D:5 |     593 |     515 |  46.5 |      12 |       9 |  42.9
            +---------+---------+-------+---------+---------+-------

Illustrated notes

Table legend:
 A = Kills in this place as a percentage of kills in entire the game.
 B = Kills by you in this place as a percentage of kills by you in the entire game.
 C = Kills by friends in this place as a percentage of kills by friends in the entire game.
 D = Other kills in this place as a percentage of other kills in the entire game.
 E = Experience gained in this place as a percentage of experience gained in the entire game.
 F = Experience gained in this place divided by the number of levels of this place that you have seen.
                   A       B       C       D       E      F
               +-------+-------+-------+-------+-------+----------------------
         Total | 100.0 | 100.0 |   N/A |   N/A | 100.0 | 352.0
       Dungeon | 100.0 | 100.0 |   N/A |   N/A | 100.0 | 352.0
               +-------+-------+-------+-------+-------+----------------------

Table legend: (Time is in decaauts)
 A = Elapsed time spent in this place.
 B = Non-inter-level travel time spent in this place.
 C = Inter-level travel time spent in this place.
 D = Time resting spent in this place.
 E = Time spent auto-exploring this place.
 F = Levels seen in this place.
 G = Mean time per level.
                   A        B        C        D        E       F      G
               +--------+--------+--------+--------+--------+-----+--------+
         Total |   5317 |   5209 |    108 |    757 |   3870 |   5 | 1063.4 |
       Dungeon |   5317 |   5209 |    108 |    757 |   3870 |   5 | 1063.4 |
               +--------+--------+--------+--------+--------+-----+--------+

Top non-repeatable levels by time:
     D:5: 1412 daAuts
     D:3: 1231 daAuts
     D:2: 1084 daAuts
     D:1: 965 daAuts
     D:4: 623 daAuts
